TOP OF THE 1ST |
Seattle (APP) Mariners batting - Pitching for Great Falls Voyagers : LHP Nick Hamlin
|
Pitching: LHP Nick Hamlin
|
|
Batting: RHB Houston Brock
|
0-0: Foul Ball, location: 2F 0-1: Ball 1-1: Ground out 5-3 (Groundball, 56, EV 101.9 MPH)
|
Batting: SHB Tony Morales
|
0-0: Ball 1-0: Swinging Strike 1-1: Called Strike 1-2: Strikes out swinging
|
Batting: LHB Omar Colunga
|
0-0: Ball 1-0: Foul Ball, location: 2F 1-1: Called Strike 1-2: Foul Ball, location: 2F 1-2: Strikes out swinging
|
Top of the 1st over - 0 runs, 0 hits, 0 errors, 0 left on base; Seattle (APP) 0 - Great Falls 0 |
BOTTOM OF THE 1ST |
Great Falls Voyagers batting - Pitching for Seattle (APP) Mariners : RHP Kyle Ridgeway
|
Pitching: RHP Kyle Ridgeway
|
|
Batting: RHB Kasey Bland
|
0-0: Ground out 6-3 (Groundball, 6M, EV 84.4 MPH)
|
Batting: RHB Duncan Collins
|
0-0: Foul Ball, location: 2F 0-1: Swinging Strike 0-2: Strikes out looking
|
Batting: LHB Josh Pittman
|
0-0: Foul Ball, location: 2F 0-1: SINGLE (Groundball, 34D, EV 98.1 MPH)
|
Batting: LHB Carlos Ramirez
|
0-0: Swinging Strike 0-1: Foul Ball, location: 2F 0-2: Ball 1-2: Ball Wild Pitch! Josh Pittman to second 2-2: Ball 3-2: Ground out 4-3 (Groundball, 34D, EV 102.5 MPH)
|
Bottom of the 1st over - 0 runs, 1 hit, 0 errors, 1 left on base; Seattle (APP) 0 - Great Falls 0 |
TOP OF THE 2ND |
Seattle (APP) Mariners batting - Pitching for Great Falls Voyagers : LHP Nick Hamlin
|
Batting: RHB Tze-meng Li
|
0-0: Called Strike 0-1: Ball 1-1: Called Strike 1-2: Strikes out looking
|
Batting: RHB Ivan Davila
|
0-0: Swinging Strike 0-1: Called Strike 0-2: Foul Ball, location: 2F 0-2: Foul Ball, location: 2F 0-2: Ball 1-2: Foul Ball, location: 2F 1-2: Ball 2-2: Foul Ball, location: 2F 2-2: Strikes out swinging
|
Batting: RHB Mike Conaway
|
0-0: DOUBLE (Line Drive, 7LD, EV 107.5 MPH)
|
Batting: RHB Victor Rosas
|
0-0: Ball 1-0: Called Strike 1-1: Hit by Pitch
|
Batting: RHB Omar Solis
|
0-0: Swinging Strike 0-1: 3-RUN HOME RUN (Flyball, 7D, EV 98.1 MPH), Distance : 369 ft
|
Batting: RHB John Vasquez
|
0-0: Ball 1-0: SINGLE (Groundball, 6MD, EV 108.8 MPH)
|
Batting: RHB Houston Brock
|
0-0: Ball 1-0: SINGLE (Groundball, 56D, EV 105.6 MPH) John Vasquez to second
|
Batting: SHB Tony Morales
|
0-0: Ball 1-0: Fly out, F3 (Popup, 23F, EV 83.8 MPH)
|
Top of the 2nd over - 3 runs, 4 hits, 0 errors, 2 left on base; Seattle (APP) 3 - Great Falls 0 |
BOTTOM OF THE 2ND |
Great Falls Voyagers batting - Pitching for Seattle (APP) Mariners : RHP Kyle Ridgeway
|
Batting: RHB Vic Lucatero
|
0-0: Ball 1-0: Swinging Strike 1-1: Ball 2-1: Swinging Strike 2-2: Strikes out swinging
|
Batting: RHB Josh Newby
|
0-0: Foul Ball, location: 2F 0-1: Ball 1-1: Ball 2-1: Foul Ball, location: 2F 2-2: SINGLE (Line Drive, 6D, EV 104.4 MPH)
|
Batting: SHB Matt Childers
|
0-0: Called Strike 0-1: Ball 1-1: Called Strike 1-2: Foul Ball, location: 2F 1-2: Strikes out swinging
|
Batting: RHB Billy Grubbs
|
0-0: Ball Josh Newby steals 2nd base 1-0: Called Strike 1-1: Foul Ball, location: 2F 1-2: Ball 2-2: Ball 3-2: Strikes out looking
|
Bottom of the 2nd over - 0 runs, 1 hit, 0 errors, 1 left on base; Seattle (APP) 3 - Great Falls 0 |
TOP OF THE 3RD |
Seattle (APP) Mariners batting - Pitching for Great Falls Voyagers : LHP Nick Hamlin
|
Batting: LHB Omar Colunga
|
0-0: Ball 1-0: SINGLE (Groundball, 4MD, EV 95.6 MPH)
|
Batting: RHB Tze-meng Li
|
0-0: Ball 1-0: Ball 2-0: Fielders Choice at 2nd, 3-6 (Groundball, 34S, EV 82.5 MPH)
|
Batting: RHB Ivan Davila
|
0-0: Ball 1-0: Foul Ball, location: 2F 1-1: Ball 2-1: Called Strike 2-2: Foul Ball, location: 2F 2-2: Strikes out looking
|
Batting: RHB Mike Conaway
|
0-0: Called Strike 0-1: Foul Ball, location: 2F 0-2: Foul Ball, location: 2F 0-2: Ball 1-2: Foul Ball, location: 2F 1-2: Foul Ball, location: 2F 1-2: SINGLE (Flyball, 3D, EV 93.1 MPH) Tze-meng Li to second Runner from 2nd tries for 3rd, SAFE, no throw by RF
|
Batting: RHB Victor Rosas
|
0-0: Ball 1-0: Called Strike 1-1: Ball Mike Conaway steals 2nd base 2-1: Foul Ball, location: 2F 2-2: Ground out 5-3 (Groundball, 56S, EV 92.5 MPH)
|
Top of the 3rd over - 0 runs, 2 hits, 0 errors, 2 left on base; Seattle (APP) 3 - Great Falls 0 |
BOTTOM OF THE 3RD |
Great Falls Voyagers batting - Pitching for Seattle (APP) Mariners : RHP Kyle Ridgeway
|
Batting: RHB Juan Tovar
|
0-0: Swinging Strike 0-1: Called Strike 0-2: Strikes out swinging
|
Batting: RHB Kasey Bland
|
0-0: Ball 1-0: Ground out U3 (Groundball, 3, EV 95.6 MPH)
|
Batting: RHB Duncan Collins
|
0-0: Foul Ball, location: 2F 0-1: Ball 1-1: Ball 2-1: Ground out 5-3 (Groundball, 56S, EV 86.2 MPH)
|
Bottom of the 3rd over - 0 runs, 0 hits, 0 errors, 0 left on base; Seattle (APP) 3 - Great Falls 0 |
TOP OF THE 4TH |
Seattle (APP) Mariners batting - Pitching for Great Falls Voyagers : LHP Nick Hamlin
|
Batting: RHB Omar Solis
|
0-0: Called Strike 0-1: Ground out 4-3 (Groundball, P, EV 85.6 MPH)
|
Batting: RHB John Vasquez
|
0-0: Called Strike 0-1: Foul Ball, location: 2F 0-2: Ball 1-2: Strikes out swinging
|
Batting: RHB Houston Brock
|
0-0: Ground out 6-3 (Groundball, 6, EV 108.8 MPH)
|
Top of the 4th over - 0 runs, 0 hits, 0 errors, 0 left on base; Seattle (APP) 3 - Great Falls 0 |
BOTTOM OF THE 4TH |
Great Falls Voyagers batting - Pitching for Seattle (APP) Mariners : RHP Kyle Ridgeway
|
Batting: LHB Josh Pittman
|
0-0: Called Strike 0-1: Ball 1-1: Swinging Strike 1-2: Strikes out looking
|
Batting: LHB Carlos Ramirez
|
0-0: Called Strike 0-1: Ball 1-1: Called Strike 1-2: Foul Ball, location: 2F 1-2: Fly out, F8 (Line Drive, 8LS, EV 91.2 MPH)
|
Batting: RHB Vic Lucatero
|
0-0: Ball 1-0: Foul Ball, location: 2F 1-1: Foul Ball, location: 2F 1-2: Foul Ball, location: 2F 1-2: Ball 2-2: Foul Ball, location: 2F 2-2: Ball 3-2: Base on Balls
|
Batting: RHB Josh Newby
|
0-0: Ball Vic Lucatero steals 2nd base 1-0: Ball 2-0: Ground out U3 (Groundball, 3S, EV 82.5 MPH)
|
Bottom of the 4th over - 0 runs, 0 hits, 0 errors, 1 left on base; Seattle (APP) 3 - Great Falls 0 |
TOP OF THE 5TH |
Seattle (APP) Mariners batting - Pitching for Great Falls Voyagers : LHP Nick Hamlin
|
Batting: SHB Tony Morales
|
0-0: Called Strike 0-1: Fly out, F9 (Flyball, 9LM, EV 92.5 MPH)
|
Batting: LHB Omar Colunga
|
0-0: Called Strike 0-1: Ground out 5-3 (Groundball, 56D, EV 104.4 MPH)
|
Batting: RHB Tze-meng Li
|
0-0: Ball 1-0: Ball 2-0: Ground out U3 (Groundball, 34S, EV 80.0 MPH)
|
Top of the 5th over - 0 runs, 0 hits, 0 errors, 0 left on base; Seattle (APP) 3 - Great Falls 0 |
BOTTOM OF THE 5TH |
Great Falls Voyagers batting - Pitching for Seattle (APP) Mariners : RHP Kyle Ridgeway
|
Batting: SHB Matt Childers
|
0-0: Called Strike 0-1: Foul Ball, location: 2F 0-2: Strikes out swinging
|
Batting: RHB Billy Grubbs
|
0-0: Ball 1-0: TRIPLE (Flyball, 9LD, EV 97.5 MPH)
|
Batting: RHB Juan Tovar
|
0-0: Called Strike 0-1: Ball 1-1: Ball 2-1: 2-RUN HOME RUN (Line Drive, 78XD, EV 108.1 MPH), Distance : 415 ft
|
Batting: RHB Kasey Bland
|
0-0: Called Strike 0-1: Ground out 4-3 (Groundball, 13, EV 83.8 MPH)
|
Batting: RHB Duncan Collins
|
0-0: Called Strike 0-1: Swinging Strike 0-2: Ball 1-2: Strikes out looking
|
Bottom of the 5th over - 2 runs, 2 hits, 0 errors, 0 left on base; Seattle (APP) 3 - Great Falls 2 |
TOP OF THE 6TH |
Seattle (APP) Mariners batting - Pitching for Great Falls Voyagers : LHP Nick Hamlin
|
Batting: RHB Ivan Davila
|
0-0: Ball 1-0: Foul Ball, location: 2F 1-1: Ball 2-1: Foul Ball, location: 2F 2-2: Ball 3-2: Base on Balls
|
Batting: RHB Mike Conaway
|
0-0: Ground out 5-3 (Groundball, 5, EV 79.4 MPH) Ivan Davila to second
|
Batting: RHB Victor Rosas
|
0-0: Intentional Walk
|
Batting: RHB Omar Solis
|
0-0: Fielders Choice at 2nd, 4-6 (Groundball, 4S, EV 95.0 MPH) Ivan Davila to third
|
Batting: RHB John Vasquez
|
0-0: Ball Passed Ball! Ivan Davila scores Omar Solis to second 1-0: Ball 2-0: Ball 3-0: Base on Balls
|
Batting: RHB Houston Brock
|
0-0: Ball 1-0: DOUBLE (Line Drive, 8LD, EV 89.4 MPH) Omar Solis scores John Vasquez to third Runner from 3rd tries for Home, SAFE, no throw by CF
|
Pitching: LHP Matt Donnelly
|
|
Batting: SHB Tony Morales
|
0-0: Called Strike 0-1: Ball 1-1: Foul Ball, location: 2F 1-2: Fly out, F4 (Popup, 4, EV 45.6 MPH)
|
Top of the 6th over - 3 runs, 1 hit, 0 errors, 1 left on base; Seattle (APP) 6 - Great Falls 2 |
BOTTOM OF THE 6TH |
Great Falls Voyagers batting - Pitching for Seattle (APP) Mariners : RHP Kyle Ridgeway
|
Pitching: RHP Matt Lane
|
|
Batting: LHB Josh Pittman
|
0-0: Ball 1-0: Ground out 4-3 (Groundball, 34, EV 105.0 MPH)
|
Batting: LHB Carlos Ramirez
|
0-0: Ball 1-0: Foul Ball, location: 2F 1-1: Ball 2-1: Fly out, F8 (Flyball, 78XD, EV 83.8 MPH)
|
Batting: RHB Vic Lucatero
|
0-0: Ball 1-0: SINGLE (Line Drive, 34D, EV 99.4 MPH)
|
Batting: RHB Josh Newby
|
0-0: Ball 1-0: Called Strike Vic Lucatero steals 2nd base 1-1: 2-RUN HOME RUN (Flyball, 78XD, EV 101.9 MPH), Distance : 420 ft
|
Batting: SHB Matt Childers
|
0-0: Foul Ball, location: 2F 0-1: Ball 1-1: Called Strike 1-2: Strikes out looking
|
Bottom of the 6th over - 2 runs, 2 hits, 0 errors, 0 left on base; Seattle (APP) 6 - Great Falls 4 |
TOP OF THE 7TH |
Seattle (APP) Mariners batting - Pitching for Great Falls Voyagers : LHP Matt Donnelly
|
Batting: LHB Omar Colunga
|
0-0: Ball 1-0: Foul Ball, location: 2F 1-1: Swinging Strike 1-2: Foul Ball, location: 2F 1-2: SINGLE (Groundball, 4D, EV 105.0 MPH)
|
Batting: RHB Tze-meng Li
|
0-0: Ball 1-0: Ball 2-0: Ball 3-0: Called Strike 3-1: Fielders Choice at 2nd, 5-4 (Groundball, 56, EV 85.6 MPH)
|
Batting: RHB Ivan Davila
|
0-0: Ball 1-0: Fielders Choice at 2nd, 1-4 (Groundball, P, EV 61.9 MPH)
|
Batting: RHB Mike Conaway
|
0-0: Called Strike 0-1: Foul Ball, location: 2F 0-2: Ball 1-2: Strikes out swinging
|
Top of the 7th over - 0 runs, 1 hit, 0 errors, 1 left on base; Seattle (APP) 6 - Great Falls 4 |
BOTTOM OF THE 7TH |
Great Falls Voyagers batting - Pitching for Seattle (APP) Mariners : RHP Matt Lane
|
Pitching: RHP Willie Sanchez
|
|
Batting: RHB Billy Grubbs
|
0-0: Ball 1-0: Called Strike 1-1: Ball 2-1: Fly out, F9 (Flyball, 89XD, EV 88.8 MPH)
|
Batting: RHB Juan Tovar
|
0-0: Ball 1-0: Foul Ball, location: 2F 1-1: Called Strike 1-2: SINGLE (Groundball, 6MD, EV 106.9 MPH)
|
Batting: RHB Kasey Bland
|
0-0: Ball 1-0: Foul Ball, location: 2F 1-1: Foul Ball, location: 2F 1-2: Ball 2-2: Ball 3-2: Grounds into double play, 5-4-3 (Groundball, 56, EV 93.1 MPH)
|
Bottom of the 7th over - 0 runs, 1 hit, 0 errors, 0 left on base; Seattle (APP) 6 - Great Falls 4 |
TOP OF THE 8TH |
Seattle (APP) Mariners batting - Pitching for Great Falls Voyagers : LHP Matt Donnelly
|
Batting: RHB Victor Rosas
|
0-0: Swinging Strike 0-1: Fly out, F3 (Popup, 3SF, EV 65.6 MPH)
|
Batting: RHB Omar Solis
|
0-0: Ball 1-0: Foul Ball, location: 2F 1-1: Ball 2-1: Foul Ball, location: 2F 2-2: Strikes out swinging
|
Batting: RHB John Vasquez
|
0-0: Called Strike 0-1: Ball 1-1: Foul Ball, location: 2F 1-2: Ball 2-2: Ball 3-2: Strikes out swinging
|
Top of the 8th over - 0 runs, 0 hits, 0 errors, 0 left on base; Seattle (APP) 6 - Great Falls 4 |
BOTTOM OF THE 8TH |
Great Falls Voyagers batting - Pitching for Seattle (APP) Mariners : RHP Willie Sanchez
|
Pitching: RHP Jace Daniels
|
|
Batting: RHB Duncan Collins
|
0-0: Ball 1-0: Ball 2-0: Foul Ball, location: 2F 2-1: Foul Ball, location: 2F 2-2: Ground out 6-3 (Groundball, 6MD, EV 101.9 MPH)
|
Batting: LHB Josh Pittman
|
0-0: Called Strike 0-1: Foul Ball, location: 2F 0-2: Foul Ball, location: 2F 0-2: Strikes out swinging
|
Batting: LHB Carlos Ramirez
|
0-0: Called Strike 0-1: Swinging Strike 0-2: Ball 1-2: Strikes out swinging
|
Bottom of the 8th over - 0 runs, 0 hits, 0 errors, 0 left on base; Seattle (APP) 6 - Great Falls 4 |
TOP OF THE 9TH |
Seattle (APP) Mariners batting - Pitching for Great Falls Voyagers : LHP Matt Donnelly
|
Pitching: LHP Silas Chartier
|
|
Batting: RHB Houston Brock
|
0-0: Called Strike 0-1: Called Strike 0-2: Strikes out looking
|
Batting: SHB Tony Morales
|
0-0: Called Strike 0-1: Fly out, F8 (Flyball, 8RD, EV 90.6 MPH)
|
Batting: LHB Omar Colunga
|
0-0: Ground out 4-3 (Groundball, 4, EV 89.4 MPH)
|
Top of the 9th over - 0 runs, 0 hits, 0 errors, 0 left on base; Seattle (APP) 6 - Great Falls 4 |
BOTTOM OF THE 9TH |
Great Falls Voyagers batting - Pitching for Seattle (APP) Mariners : RHP Jace Daniels
|
Pitching: RHP Rob Henry
|
|
Now at 1B: Garrett McKenna
|
|
Batting: RHB Vic Lucatero
|
0-0: Called Strike 0-1: DOUBLE (Line Drive, 9D, EV 90.6 MPH)
|
Batting: RHB Josh Newby
|
0-0: Ball 1-0: Called Strike 1-1: Ball 2-1: Swinging Strike 2-2: Ball 3-2: Strikes out swinging
|
Batting: SHB Matt Childers
|
0-0: Ball 1-0: Swinging Strike 1-1: Swinging Strike 1-2: Strikes out swinging
|
Batting: RHB Billy Grubbs
|
0-0: Ball 1-0: Called Strike 1-1: Swinging Strike 1-2: Ball 2-2: Ball 3-2: Foul Ball, location: 2F 3-2: Ground out U3 (Groundball, 3L, EV 86.9 MPH)
|
Bottom of the 9th over - 0 runs, 1 hit, 0 errors, 1 left on base; Seattle (APP) 6 - Great Falls 4 |
|